 Dungeon Crawl Stone Soup version 0.28-a0-1190-g77e1c55843 (webtiles) character file.

Game seed: 4575405051763751916

36 SensoryNuts the Skirmisher (level 3, -1/29 HPs)
             Began as a Demonspawn Fighter on Dec 19, 2021.
             Killed by nerve-wracking pain
             ... invoked by Jessica
              (7 damage)
             ... on level 2 of the Dungeon.
             The game lasted 00:00:38 (941 turns).

SensoryNuts the Skirmisher (Demonspawn Fighter)      Turns: 941, Time: 00:00:39

Health: -1/29      AC:  6    Str: 18    XL:     3   Next: 19%
Magic:  3/3        EV:  9    Int:  9    God:
Gold:   49         SH:  4    Dex: 12    Spells: 2/2 levels left

rFire   . . .      SeeInvis .   a - +0 long sword
rCold   . . .      Faith    .   c - +0 buckler
rNeg    . . .      Spirit   .   b - +0 scale mail
rPois   .          Reflect  .   (no helmet)
rElec   .          Harm     .   (no cloak)
rCorr   .          Rampage  .   (no gloves)
Will    .....                   (no boots)
Stlth   ..........              (no amulet)
HPRegen 0.09/turn               (no ring)
MPRegen 0.08/turn               (no ring)

@: slowed, very slow
A: ignite blood 2
a: no special abilities


You were on level 2 of the Dungeon.
You visited 1 branch of the dungeon, and saw 2 of its levels.

You collected 49 gold pieces.

Inventory:

Hand Weapons
 a - a +0 long sword (weapon)
Armour
 b - a +0 scale mail (worn)
 c - a +0 buckler (worn)
Scrolls
 f - a scroll of amnesia {unknown}
 g - a scroll of immolation {unknown}
Potions
 d - 2 potions of might
 e - a potion of mutation {unknown}


   Skills:
 + Level 3.2 Fighting
 + Level 2.1 Long Blades
 + Level 3.1 Armour
 + Level 0.3 Dodging
 + Level 3.0 Shields


You had 2 spell levels left.
You didn't know any spells.
Your spell library was empty.

Dungeon Overview and Level Annotations

Branches:
Dungeon (2/15)

Altars:

Annotations:
D:2 Jessica


Innate Abilities, Weirdness & Mutations

Your demonic aura often causes spilled blood to erupt in flames.


Message History

Jessica seems to speed up.
The endoplasm freezes you.
You are frozen.
There are monsters nearby!
You slash the endoplasm!
You kill the endoplasm!
Jessica points at you and mumbles some strange words.
You feel yourself slow down.
Jessica is nearby!
You block Jessica's attack.
Jessica hits you with a +2 spectral club.
Jessica points at you and mumbles some strange words.
Pain shoots through your body!
Jessica is nearby!
You hit Jessica.
Jessica is moderately wounded.
Jessica hits you but does no damage.
Jessica hits you with a +2 spectral club.
You closely miss Jessica.
Jessica is moderately wounded.
Jessica closely misses you. x2; Jessica barely misses you.
Jessica gestures wildly while chanting.
Jessica blinks!
You block Jessica's attack.
Jessica hits you with a +2 spectral club.
You are too injured to fight recklessly!
You are too injured to fight recklessly!
You are too injured to fight recklessly!
You are too injured to fight recklessly!
You are too injured to fight recklessly!
Unknown command.
You are too injured to fight recklessly!
You are too injured to fight recklessly!
You hit Jessica but do no damage.
Jessica is moderately wounded.
Jessica hits you with a +2 spectral club. x2
* * * LOW HITPOINT WARNING * * *
Jessica casts a spell at you. Pain shoots through your body!
You die...

#...# #...# #...#
#...# #...# ###...##
#......##############
+....................
#...@..####..........
#..@...# #.##.######
#......# #.##..###
#......# #.#.....#
######## #.#.....#
#.#.....# #.#.....#
#.....# #..[..###


You could see Jessica (fast).

Vanquished Creatures
  2 dart slugs (D:1)
  2 endoplasms
  4 goblins (D:1)
  4 hobgoblins (D:1)
  2 jackals (D:1)
  3 kobolds
  2 quokkas (D:1)
  3 ball pythons
  4 bats (D:1)
  A frilled lizard (D:1)
  A rat (D:1)
28 creatures vanquished.

Notes
Turn   | Place    | Note
-------+----------+-------------------------------------------
     0 | D:1      | SensoryNuts the Demonspawn Fighter began the quest for the
                  | Orb.
     0 | D:1      | Reached XP level 1. HP: 18/18 MP: 1/1
   185 | D:1      | Gained mutation: Your demonic aura sometimes causes spilled
                  | blood to erupt in flames. [demonic ancestry]
   185 | D:1      | Reached XP level 2. HP: 13/24 MP: 2/2
   418 | D:1      | Found a faded altar of an unknown god.
   562 | D:1      | Gained mutation: Your demonic aura often causes spilled
                  | blood to erupt in flames. [demonic ancestry]
   562 | D:1      | Reached XP level 3. HP: 20/29 MP: 3/3
   930 | D:2      | Noticed Jessica
   941 | D:2      | Killed from afar by Jessica

Illustrated notes

Levels and vault maps discovered:
D:1:      wander_arrival_estate, layout_rooms, basic_ecumenical_altar,
          serial_park_tiny_2, hangedman_decor_push
D:2:      layout_basic, uniq_terence, uniq_jessica, uniq_crazy_yiuf_cottage

Skill      XL: |  1  2 |
---------------+-------+-----
Armour         | 3 |  3.1
Shields        | 3 |  3.0
Long Blades    | 2 |  2.1
Fighting       | |  3.2
Dodging        | |  0.3

Action                   || total
-------------------------++-------
Melee: Long sword        ||    73
Armor: Scale mail        ||    54
Dodge: Dodged            ||    57
Block: Buckler           ||    21

Table legend: (Time is in decaauts)
 A = Elapsed time spent in this place.
 B = Non-inter-level travel time spent in this place.
 C = Inter-level travel time spent in this place.
 D = Time resting spent in this place.
 E = Time spent auto-exploring this place.
 F = Levels seen in this place.
 G = Mean time per level.
                   A        B        C        D        E       F      G
               +--------+--------+--------+--------+--------+-----+--------+
         Total |    967 |    967 |      0 |      0 |    778 |   2 |  483.5 |
       Dungeon |    967 |    967 |      0 |      0 |    778 |   2 |  483.5 |
               +--------+--------+--------+--------+--------+-----+--------+

Top non-repeatable levels by time:
     D:1: 882 daAuts
     D:2: 85 daAuts
